 Dungeon Crawl Stone Soup version 0.30.1-3-gfc49f6343a (webtiles) character file.

Game seed: 16737667830055404783

27 Gorgoleon the Firebug (level 2, -2/15 HPs)
             Began as a Deep Elf Fire Elementalist on Aug 8, 2023.
             Slain by an orc wizard
             ... wielding a +0 dagger
              (4 damage)
             ... on level 1 of the Dungeon.
             The game lasted 00:04:34 (935 turns).

Gorgoleon the Firebug (Deep Elf Fire Elementalist)   Turns: 935, Time: 00:04:34

Health: -2/15      AC:  2    Str:  5    XL:     2   Next: 93%
Magic:  7/8        EV: 12    Int: 19    God:
Gold:   13         SH:  0    Dex: 15    Spells: 4/7 levels left

rFire   . . .        i - +1 dagger (flame)
rCold   . . .        (no shield)
rNeg    . . .        a - +0 robe
rPois   .            (no helmet)
rElec   .            (no cloak)
rCorr   .            (no gloves)
SInv    .            (no boots)
Will    .....        (no amulet)
Stlth   ++           (no ring)
HPRegen 0.22/turn    (no ring)
MPRegen 0.11/turn

%: no passive effects
@: no status effects
A: no striking features
a: no special abilities


You were on level 1 of the Dungeon.
You visited 1 branch of the dungeon, and saw 2 of its levels.

You collected 13 gold pieces.

Inventory:

Hand Weapons
 i - a +1 dagger of flaming (weapon)
Missiles
 e - 4 poisoned darts
Armour
 a - a +0 robe (worn)
Scrolls
 d - a scroll of fog {unknown}
 h - a scroll of poison {unknown}
 j - a scroll of enchant armour {unknown}
 k - a scroll of magic mapping {unknown}
Potions
 b - a potion of magic
 c - a potion of flight {unknown}
 f - a potion of heal wounds {unknown}
 g - a potion of might {unknown}


   Skills:
 - Level 2.4 Dodging
 - Level 2.4 Stealth
 - Level 3.0 Spellcasting
 * Level 1.4 Conjurations
 * Level 4.5 Fire Magic


You had 4 spell levels left.
You knew the following spells:

 Your Spells              Type           Power      Damage    Failure   Level
a - Foxfire               Conj/Fire      56%        2x1d6     4%          1
b - Scorch                Fire           38%        2d6       3%          2

Your spell library contained the following spells:

 Spells                   Type           Power      Damage    Failure   Level
 Inner Flame              Hex/Fire       11%        N/A       19%         3
 Volatile Blastmotes      Fire/Tloc      22%        2d11      19%         3
 Flame Wave               Conj/Fire      14%        2d6       41%         4


Dungeon Overview and Level Annotations

Branches:
Dungeon (2/15)

Altars:


Message History

The orc wizard flickers and vanishes!
Deactivating autopickup; reactivate with Ctrl-A.
You hear a shout!
The foxfire hits something.
The foxfire hits something but does no damage.
Casting: Foxfire (safe; 4% risk of failure)
Press: ? - help, Q - select action, (/) - cycle Dir - look around, f - activate You conjure some foxfire!
The foxfire hits something but does no damage.
The foxfire hits something.
An orc priest comes into view. It is wielding a +0 short sword.
Something tries to affect you, but you resist.
Casting: Foxfire (safe; 4% risk of failure)
Press: ? - help, Q - select action, (/) - cycle Dir - look around, f - activate You conjure some foxfire!
Your foxfire dissipates!
The foxfire hits something.
The orc priest begins to cast a cantrip, but forgets the words!
The orc shouts!
There is a stone staircase leading up, spattered with blood here.
Casting: Foxfire (safe; 4% risk of failure)
Press: ? - help, Q - select action, (/) - cycle Dir - look around, f - activate You conjure some foxfire!
The foxfire hits something but does no damage.
The foxfire hits something.
Something hits you.
You climb upwards.
Reactivating autopickup.
There is a stone staircase leading down here.
Deactivating autopickup; reactivate with Ctrl-A.
You hit something but do no damage. Something hits you.
You miss something. Something hits you.
You hit something. You burn something. Something hits you.
You hit something. You burn something. Something hits you.
You hit something but do no damage. Something hits you but does no damage.
You barely miss something. Something hits you.
* * * LOW HITPOINT WARNING * * *
You hit something but do no damage. Something hits you but does no damage.
You closely miss something. Something hits you.
You die...

####.# .....#
.###.# .# #.# .#
#.##### .# #.....#
.# #.....#
.###.....#########
...............{@#
.###############.#
.# #.# .#### #.#
....# #.# ....#
##.# ....# ###..#
....# ##...##
.#### #..###


There were no monsters in sight!

Vanquished Creatures
  A dart slug (D:2)
  A bat (D:1)
  4 endoplasms (D:1)
  3 hobgoblins (D:1)
  2 kobolds (D:1)
  A quokka (D:1)
  2 ball pythons (D:1)
  A frilled lizard (D:1)
  3 goblins (D:1)
  4 rats (D:1)
22 creatures vanquished.

Vanquished Creatures (others)
  51 foxfires
51 creatures vanquished.

Grand Total: 73 creatures vanquished

Notes
Turn   | Place    | Note
-------+----------+-------------------------------------------
     0 | D:1      | Gorgoleon the Deep Elf Fire Elementalist began the quest
                  | for the Orb.
     0 | D:1      | Reached XP level 1. HP: 10/10 MP: 6/6
   189 | D:1      | Reached XP level 2. HP: 15/15 MP: 5/8
   192 | D:1      | Learned a level 2 spell: Scorch
   223 | D:1      | Reached skill level 4 in Fire Magic
   935 | D:1      | Slain by an orc wizard

Illustrated notes

Levels and vault maps discovered:
D:1:      ncdulo_smallfort, layout_basic, chequers_serial_rivers_small_b
D:2:      layout_loops_ring, chequers_serial_rivers_large_b

Skill      XL: |  1  2 |
---------------+-------+-----
Fire Magic     | 4 |  4.5
Dodging        | |  2.4
Stealth        | |  2.4
Spellcasting   | |  3.0
Conjurations   | |  1.4

Action                     || total
---------------------------++-------
  Melee: Club              ||     2
         Dagger            ||    17
   Cast: Foxfire           ||    31
 Armour: Robe              ||     6
  Dodge: Dodged            ||     5
